 Dungeon Crawl Stone Soup version 0.29-a0-512-gf59ac788ac (webtiles) character file.

Game seed: 15951331772449893224

2 Spectrina the Ducker (level 1, -27/13 HPs)
             Began as a Deep Elf Monk on May 29, 2022.
             Killed by an exploding jackal (40 damage)
             ... ignited by their inner flame
             ... on level 1 of the Dungeon.
             The game lasted 00:00:25 (31 turns).

Spectrina the Ducker (Deep Elf Monk)                  Turns: 31, Time: 00:00:25

Health: -27/13     AC:  2    Str:  8    XL:     1   Next: 25%
Magic:  3/3        EV: 13    Int: 14    God:
Gold:   0          SH:  0    Dex: 17    Spells: 0/0 levels left

rFire   . . .      SeeInvis .   a - +0 spear
rCold   . . .      Faith    .   (no shield)
rNeg    . . .      Spirit   .   b - +0 robe
rPois   .          Reflect  .   (no helmet)
rElec   .          Harm     .   (no cloak)
rCorr   .          Rampage  .   (no gloves)
Will    .....                   (no boots)
Stlth   ++........              (no amulet)
HPRegen 0.04/turn               (no ring)
MPRegen 0.08/turn               (no ring)

@: no status effects
A: no striking features
a: no special abilities


You were on level 1 of the Dungeon.
You visited 1 branch of the dungeon, and saw 1 of its levels.

Inventory:

Hand Weapons
 a - a +0 spear (weapon)
Armour
 b - a +0 robe (worn)
Potions
 c - a potion of ambrosia


   Skills:
 - Level 2.4 Fighting
 + Level 2.3 Polearms
 - Level 3.6 Dodging
 - Level 2.4 Stealth


You couldn't memorise any spells.
You didn't know any spells.
Your spell library was empty.

Dungeon Overview and Level Annotations

Branches:
Dungeon (1/15)

Altars:


Message History

Press: ? - help, Dir - move target, f - kobold
Aim: a kobold, wielding a +0 whip (about 42% to evade your +0 spear)
You reach to attack!
You closely miss the kobold.
Reach: a) +0 spear
Press: ? - help, Dir - move target, f/p - kobold
Aim: a kobold, wielding a +0 whip (about 42% to evade your +0 spear)
You reach to attack!
You closely miss the kobold. You hit the kobold.
You kill the kobold!
Things that are here:
a +0 whip; a kobold corpse A jackal comes into view.
Found a stone staircase leading down. 2 jackals come into view.
Found a leather armour.
A jackal and an endoplasm come into view.
A gnoll comes into view. It is wielding a +0 flail.
The jackal barks! x2
The endoplasm quivers.
A quokka comes into view.
Found a club.
A hobgoblin comes into view.
You see here a scroll labelled PATOEXKEDO.
Unknown command.
As you read the scroll labelled PATOEXKEDO, it crumbles to dust.
The creatures around you are filled with an inner flame!
It was a scroll of immolation.
The jackal barks!
The jackal closely misses you.
Unknown command.
The jackal barks!
The hobgoblin shouts!
You hit the jackal.
Flame seeps out of the jackal.
The jackal is severely wounded.
You hear a shout!
The jackal closely misses you.
The jackal is engulfed in blazing flames.
The jackal explodes!
The fiery explosion engulfs you!!!
Ouch! That really hurt!
You die...

........#..PP.)
....r.g....PP.P
.........hh.P.P.
............P[P.
####+####.....>.....g..
#.......#......§J....###
#.8.8.8.#.....§○........
#.......#.....§@h....#
+.8.<.8.+............#
#.......#............#
#.8.8.8.#............#
#.......#............#
####'####........)...#
#.####............#
#............)....#
###################


You could see a gnoll (inner flame), an endoplasm (inner flame), a quokka (inner
flame), 3 jackals and a hobgoblin (inner flame).

Vanquished Creatures
  A goblin (D:1)
  A jackal (D:1)
  A kobold (D:1)
3 creatures vanquished.

Notes
Turn   | Place    | Note
-------+----------+-------------------------------------------
     0 | D:1      | Spectrina the Deep Elf Monk began the quest for the Orb.
     0 | D:1      | Reached XP level 1. HP: 13/13 MP: 3/3
    31 | D:1      | Killed by an exploding jackal... ignited by their inner
                  | flame

Illustrated notes

Levels and vault maps discovered:
D:1:      doesnt_arrival_eight_statues, layout_basic,
          shapermc_ecumenical_altar_mp_vishouse, chequers_serial_rivers_room_a,
          grunt_decor_clamped, nicolae_grassy_gnolls

Action                   || total
-------------------------++-------
Melee: Spear             ||     5
  Use: Scroll            ||     1
Dodge: Dodged            ||     2

Table legend: (Time is in decaauts)
 A = Elapsed time spent in this place.
 B = Non-inter-level travel time spent in this place.
 C = Inter-level travel time spent in this place.
 D = Time resting spent in this place.
 E = Time spent auto-exploring this place.
 F = Levels seen in this place.
 G = Mean time per level.
                   A        B        C        D        E       F      G
               +--------+--------+--------+--------+--------+-----+--------+
         Total |     30 |     30 |      0 |      0 |      0 |   1 |   30.0 |
       Dungeon |     30 |     30 |      0 |      0 |      0 |   1 |   30.0 |
               +--------+--------+--------+--------+--------+-----+--------+

Top non-repeatable levels by time:
     D:1: 30 daAuts
